 Dungeon Crawl Stone Soup version 0.29.1-2-gbd0b4ee654 (webtiles) character file.

Game seed: 14343376413747370321

1479 CryoSword the Geomancer (level 8, 0/48 HPs)
             Began as a Gargoyle Earth Elementalist on Nov 6, 2022.
             Was an Initiate of the Shining One.
             Slain by an orc warrior
             ... wielding a +0 long sword
              (10 damage)
             ... on level 7 of the Dungeon.
             The game lasted 00:11:52 (5888 turns).

CryoSword the Geomancer (GrEE)                      Turns: 5888, Time: 00:11:52

Health: 0/48       AC: 13    Str: 11    XL:     8   Next: 79%
Magic:  3/13       EV: 11    Int: 19    God:    the Shining One [......]
Gold:   234        SH:  0    Dex: 10    Spells: 8/14 levels left

rFire   . . .      SeeInvis .   u - +4 short sword (elec)
rCold   . . .      Faith    .   (no shield)
rNeg    + . .      Spirit   .   a - +0 robe
rPois   ∞          Reflect  .   (no helmet)
rElec   +          Harm     .   (no cloak)
rCorr   .          Rampage  .   j - +0 pair of gloves
Will    .....                   o - +0 pair of boots
Stlth   +.........              p - amulet of regeneration
HPRegen 0.96/turn               g - +4 ring of protection {=R}
MPRegen 0.13/turn               k - ring of wizardry

@: glowing
A: sickness immunity, AC +5, negative energy resistance 1, electricity
resistance, torment resistance 1, petrification resistance
a: Renounce Religion


You were on level 7 of the Dungeon.
You worshipped the Shining One.
The Shining One was noncommittal.
You visited 2 branches of the dungeon, and saw 8 of its levels.

You collected 344 gold pieces.
You spent 110 gold pieces at shops.

Inventory:

Hand Weapons
 u - a +4 short sword of electrocution (weapon)
   (You took it off Duvessa on level 4 of the Dungeon)
Missiles
 c - 8 boomerangs
 r - 6 poisoned darts
Armour
 a - a +0 robe (worn)
 j - a +0 pair of gloves (worn)
   (You found it on level 1 of the Dungeon)
 o - a +0 pair of boots (worn)
   (You found it on level 3 of the Dungeon)
Jewellery
 f - a ring of willpower
   (You found it on level 1 of the Dungeon)
 g - a +4 ring of protection (left hand) {=R}
   (You found it on level 1 of the Dungeon)
 k - a ring of wizardry (right hand)
   (You found it on level 1 of the Dungeon)
 m - a +6 ring of strength
   (You found it on level 3 of the Dungeon)
 p - an amulet of regeneration (around neck)
   (You found it on level 4 of the Dungeon)
Wands
 x - a wand of charming (4)
   (You found it on level 5 of the Dungeon)
 y - a wand of flame (22)
   (You took it off Ijyb on level 5 of the Dungeon)
Scrolls
 d - a scroll of identify {@r1}
 i - 3 scrolls of magic mapping
 n - 2 scrolls of brand weapon {unknown}
 q - 2 scrolls of fear
 s - 2 scrolls of teleportation {@r4}
 w - a scroll of enchant armour {unknown}
Potions
 b - 2 potions of magic
 e - 8 potions of curing {@q1}
 h - 4 potions of haste {@q3}
 l - 2 potions of heal wounds {@q2}
 t - 2 potions of flight
 v - 2 potions of lignification {!q}
 z - a potion of brilliance
 A - a potion of attraction {!q}


   Skills:
 + Level 4.4 Fighting
 - Level 2.0 Maces & Flails
 - Level 1.5 Dodging
 - Level 2.1 Stealth
 + Level 3.6 Spellcasting
 * Level 6.4 Conjurations
 - Level 0.7 Transmutations
 * Level 8.4 Earth Magic


You had 8 spell levels left.
You knew the following spells:

 Your Spells              Type           Power      Damage    Failure   Level
a - Sandblast             Erth           70%        2d15      1%          1
b - Stone Arrow           Conj/Erth      62%        3d10      1%          3
P - Passwall              Tmut/Erth      16%        N/A       1%          2

Your spell library contained the following spells:

 Spells                   Type           Power      Damage    Failure   Level
 Foxfire                  Conj/Fire      60%        2x1d7     1%          1
 Shock                    Conj/Air       60%        1d6       1%          1
 Conjure Flame            Conj/Fire      15%        6-21      4%          3
 Blink                    Tloc           6%         N/A       9%          2
 Petrify                  Tmut/Erth      20%        N/A       9%          4
 Flame Wave               Conj/Fire      15%        2d7       16%         4
 Inner Flame              Hex/Fire       3%         N/A       17%         3
 Lesser Beckoning         Tloc           3%         N/A       17%         3
 Portal Projectile        Hex/Tloc       6%         N/A       17%         3
 Swiftness                Air            3%         N/A       17%         3
 Tukima's Dance           Hex            3%         N/A       17%         3
 Lightning Bolt           Conj/Air       7%         1d20      38%         5
 Airstrike                Air            1%         2d(1-17)  47%         4
 Summon Lightning Spire   Summ/Air       3%         N/A       47%         4
 Blade Hands              Tmut           3%         N/A       71%         5
 Manifold Assault         Tloc           3%         N/A       82%         5


Dungeon Overview and Level Annotations

Branches:
Dungeon (7/15)             Temple (1/1) D:6

Altars:
Ashenzari
Cheibriados
Elyvilon
Fedhas
Gozag
Kikubaaqudgha
Makhleb
Nemelex Xobeh
Okawaru
Qazlal
Ru
Trog
Uskayaw
Vehumet
Wu Jian
Yredelemnul
The Shining One

Shops:
D:3 [   D:4 !   D:5 =


Innate Abilities, Weirdness & Mutations

You are immune to sickness and miasma.
Your stone body is resilient. (AC +5)
You are immune to poison.
You resist negative energy. (rN+)
You are resistant to electric shocks. (rElec)
You are resistant to unholy torment.
You are immune to petrification.


Message History

The stone arrow hits something!!
Reactivating autopickup.
You feel a bit more experienced.
Your Conjurations skill increases to level 6!
Your Earth Magic skill increases to level 8!
A centaur comes into view.
The centaur shouts!
A white imp comes into view.
The centaur wields a +0 shortbow.
The centaur shoots an arrow.
The arrow hits you but does no damage.
There are monsters nearby!
There are monsters nearby!
You hit the centaur. Lightning courses through the centaur!
The centaur unwields a +0 shortbow.
The centaur hits you but does no damage.
The centaur barely misses you.
You closely miss the centaur. The centaur barely misses you.
The centaur kicks you but does no damage.
The centaur hits you but does no damage.
The centaur kicks you but does no damage.
You hit the centaur. The centaur barely misses you.
The centaur kicks you but does no damage.
The white imp hits you but does no damage.
The centaur barely misses you. The centaur closely misses you.
You barely miss the centaur. The centaur misses you.
The centaur kicks you but does no damage.
The white imp barely misses you.
You hit the centaur. The centaur hits you. The centaur closely misses you.
The white imp misses you. The centaur misses you.
The centaur kicks you but does no damage.
Aim: a centaur (severely wounded, 84% to hit)
The stone arrow hits the centaur!
You kill the centaur!
The white imp barely misses you.
Aim: a white imp (74% to hit)
The stone arrow hits the white imp!!
You kill the white imp!
The Shining One accepts your kill.
Things that are here:
a +0 scale mail; a +6 flail of draining
There is a stone staircase leading up here.
You pick up a book of Spatial Translocations and begin reading...
You add the spells Blink, Lesser Beckoning and Manifold Assault to your library.
n - 2 scrolls labelled QUOR WISMEDORE (gained 1)
There is a stone staircase leading up here.
Could not explore, unopened door.
Could not explore, unopened door.
Could not explore, unopened door.
You open the gate.
Found 9 gold pieces.
Found a broken altar of Ashenzari.
There is an open gate here.
You now have 214 gold pieces (gained 9).
There is an open gate here.
Done exploring.
Done exploring.
Done exploring.
There is a stone staircase leading down here.
As you read the scroll of identify {@r1}, it crumbles to dust.
A - a potion of attraction
As you read the scroll of identify {@r1}, it crumbles to dust.
z - a potion of brilliance Done exploring.
Done exploring.
You climb downwards.
There is a stone staircase leading up here.
An ice beast comes into view.
The ice beast moves out of view.
Found a scroll of identify.
Found a stone staircase leading down.
An ice beast is nearby!
An ice beast is nearby!
The ice beast hits you. The ice beast freezes you!
Aim: an ice beast (74% to hit)
The stone arrow hits the ice beast!
The ice beast hits you but does no damage.
Aim: an ice beast (heavily wounded, 74% to hit)
The stone arrow hits the ice beast!
You kill the ice beast!
Found a quarterstaff.
An orc comes into view. It is wielding a +0 dagger.
The orc shouts!
An orc is nearby!
An orc is nearby!
An orc is nearby!
You see here a scroll of identify {@r1}.
Aim: an orc, wielding a +0 dagger (74% to hit)
The stone arrow misses the orc.
Aim: an orc, wielding a +0 dagger (74% to hit)
The stone arrow hits the orc!
You kill the orc!
No target in view!
d - a scroll of identify {@r1}
Found a ring mail.
You see here a +0 dagger.
Found a dagger.
You now have 234 gold pieces (gained 20).
There is an open door here.
An orc wizard comes into view. It is wielding a +0 dagger.
The orc wizard shouts!
You hear a shout! x3
An orc comes into view. It is wielding a +0 whip.
There are monsters nearby!
There are monsters nearby!
An orc comes into view. It is wielding a +0 club.
An orc warrior comes into view. It is wielding a +0 long sword.
The orc warrior shouts!
The orc shouts!
You hear a shout! x2; You hear a bark!
You hear a shout! x2
The orc warrior drinks a potion.
The orc warrior suddenly seems more resistant.
You hear a shout! x2
Aim: an orc wizard, wielding a +0 dagger and wearing a +0 robe (67% to hit)
The stone arrow hits the orc wizard!
The orc wizard hits you but does no damage.
The orc barely misses you.
Aim: an orc wizard, wielding a +0 dagger and wearing a +0 robe (severely wounded, 67% to hit)
The stone arrow hits the orc wizard!
You kill the orc wizard!
An orc priest comes into view. It is wielding a +0 hand axe.
The orc hits you but does no damage.
Aim: an orc warrior, wielding a +0 long sword and wearing a +0 chain mail (unusually resistant, 71% to hit)
The stone arrow misses the orc warrior.
The orc warrior closely misses you. The orc hits you but does no damage.
Aim: an orc warrior, wielding a +0 long sword and wearing a +0 chain mail (unusually resistant, 71% to hit)
The stone arrow hits the orc warrior!
The orc warrior hits you with a +0 long sword!
The orc hits you but does no damage.
The orc warrior attacks as you move away!
The orc warrior hits you with a +0 long sword.
The orc warrior attacks as you move away!
The orc warrior hits you with a +0 long sword!
You don't have enough magic to cast this spell.
You hit the orc warrior but do no damage.
The orc warrior closely misses you.
You hit the orc warrior.
The orc warrior hits you but does no damage.
You hit the orc warrior but do no damage.
The orc warrior hits you but does no damage.
You closely miss the orc warrior.
The orc priest invokes the aid of Beogh against you.
Beogh smites you!
* * * LOW HITPOINT WARNING * * *
The orc warrior closely misses you.
You hit the orc warrior but do no damage.
The orc warrior closely misses you.
You puncture the orc warrior!
The orc warrior hits you with a +0 long sword!
* * * LOW HITPOINT WARNING * * *
You hit the orc warrior but do no damage.
The orc warrior closely misses you.
The orc warrior attacks as you move away!
The orc warrior hits you with a +0 long sword!
You die...

.............#
#...........##
#...........#
#...........#
##+####.....####+#######
#.......##)##...........
#......)##.##.......)...
........+...............
#.......##@##...........
#.......##o##...........
#.......##o#####'#######
.[......##oo.....#
#.......##.......# ....
#.......# .....
#.#####.# ......##.# #.#
......)..# #.#


You could see an orc warrior (resistant), an orc priest and 2 orcs.

Vanquished Creatures
  Edmund (D:6)
  Duvessa (D:4)
  A black bear (D:2)
  An ice beast (D:7)
  A sky beast (D:6)
  An ogre (D:5)
  A centaur (D:6)
  2 phantoms (D:5)
  A necrophage (D:5)
  Dowan (D:4)
  2 hounds
  A jelly (D:5)
  A gnoll bouda (D:6)
  2 orc priests
  Ijyb (D:5)
  3 orc wizards
  3 iguanas
  3 gnolls
  7 adders
  A shadow imp (D:5)
  A white imp (D:6)
  An ufetubus (D:6)
  3 worms
  10 orcs
  3 ball pythons
  8 endoplasms
  2 giant cockroaches
  6 goblins
  9 hobgoblins
  12 jackals
  3 quokkas
  7 bats
  3 frilled lizards (D:2)
  9 kobolds
  12 rats
124 creatures vanquished.

Notes
Turn   | Place    | Note
-------+----------+-------------------------------------------
     0 | D:1      | CryoSword the Gargoyle Earth Elementalist began the quest
                  | for the Orb.
     0 | D:1      | Reached XP level 1. HP: 10/10 MP: 3/3
   323 | D:1      | Reached skill level 4 in Earth Magic
   323 | D:1      | Reached XP level 2. HP: 16/16 MP: 3/5
   326 | D:1      | Learned a level 2 spell: Passwall
   700 | D:1      | Reached skill level 1 in Fighting
   700 | D:1      | Reached skill level 1 in Conjurations
  1055 | D:1      | Reached XP level 3. HP: 20/20 MP: 4/6
  1167 | D:2      | Found a faded altar of an unknown god.
  1577 | D:2      | Noticed a black bear
  1585 | D:2      | Killed a black bear
  1586 | D:2      | Reached skill level 1 in Maces & Flails
  1586 | D:2      | Reached skill level 5 in Earth Magic
  1586 | D:2      | Reached XP level 4. HP: 5/26 MP: 0/7
  1586 | D:2      | Reached XP level 5. HP: 6/30 MP: 0/8
  1830 | D:2      | Learned a level 3 spell: Stone Arrow
  2357 | D:3      | Found Huybuveph's Armour Boutique.
  2750 | D:3      | Found an opulent altar of Gozag.
  2994 | D:4      | Found a sacrificial altar of Ru.
  3012 | D:4      | Found a basalt altar of Yredelemnul.
  3053 | D:4      | Reached XP level 6. HP: 36/36 MP: 5/9
  3085 | D:4      | Found a radiant altar of Vehumet.
  3086 | D:4      | Found an ornate altar of the Wu Jian Council.
  3320 | D:4      | Found Mixazall's Distillery.
  3328 | D:4      | Bought a potion of flight for 30 gold pieces
  3328 | D:4      | Bought a potion of berserk rage for 50 gold pieces
  3328 | D:4      | Bought a potion of lignification for 30 gold pieces
  3339 | D:4      | Noticed Duvessa
  3347 | D:4      | Noticed Dowan
  3596 | D:4      | Killed Duvessa
  3597 | D:4      | Reached skill level 6 in Earth Magic
  3600 | D:4      | Killed Dowan
  3680 | D:4      | Found an iron altar of Okawaru.
  3680 | D:4      | Found a white marble altar of Elyvilon.
  3713 | D:4      | Found a large runed translucent door.
  3714 | D:4      | Found a large runed translucent door.
  3776 | D:4      | Became a worshipper of Elyvilon the Healer
  3957 | D:4      | Found a sparkling altar of Nemelex Xobeh.
  3967 | D:4      | Found a hide-covered altar of Uskayaw.
  4026 | D:5      | Entered Level 5 of the Dungeon
  4039 | D:5      | Reached XP level 7. HP: 40/41 MP: 10/10
  4342 | D:5      | Reached skill level 7 in Earth Magic
  4407 | D:5      | Reached skill level 5 in Conjurations
  4467 | D:5      | Reached XP level 8. HP: 46/48 MP: 0/12
  4592 | D:5      | Noticed Ijyb
  4596 | D:5      | Killed Ijyb
  4734 | D:5      | Found Lephu's Jewellery Shoppe.
  5003 | D:6      | Noticed Edmund
  5015 | D:6      | Killed Edmund
  5216 | D:6      | Found a staircase to the Ecumenical Temple.
  5225 | Temple   | Entered the Ecumenical Temple
  5233 | Temple   | Fell from the grace of Elyvilon
  5233 | Temple   | Became a worshipper of the Shining One
  5370 | D:6      | Reached skill level 8 in Earth Magic
  5676 | D:6      | Found a broken altar of Ashenzari.
  5888 | D:7      | Slain by an orc warrior

Illustrated notes

Levels and vault maps discovered:
D:1:      dpeg_arrival_rooms_with_view, layout_basic, minmay_misc_feat_enclosed,
          minmay_hexomino_p4
D:2:      layout_basic, ebering_ecumenical_altar_webs, minmay_rat_gold_closets
D:3:      layout_basic, mainiacjoe_overflow_catwalk, serial_shops,
          nicolae_shop_window_shopping
D:4:      layout_rooms, gammafunk_temple_overflow_elements,
          nicolae_overflow_squiral, jmf_multi_god_temple2,
          mainiacjoe_overflow_large_starburst, serial_shops, nicolae_shop_stone,
          uniq_duvessa
D:5:      layout_basic, serial_shops, shop, uniq_ijyb
D:6:      layout_rooms, mainiacjoe_overflow_alcove_4, minmay_temple_entry_glass,
          uniq_edmund
D:7:      layout_basic, dreamdust_gnoll_farm
Temple:   eino_temple_lava

Skill      XL: |  1  2  3  4  5  6  7  8 |
---------------+-------------------------+-----
Earth Magic    | 4 5 6 7 8 |  8.4
Fighting       | 1 2 3 4 |  4.4
Conjurations   | 1 2 3 4 5 6 |  6.4
Maces & Flails | 1 2 |  2.0
Spellcasting   | 3 |  3.6
Dodging        | |  1.5
Stealth        | |  2.1
Transmutations | |  0.7

Action                   |  1- 3 |  4- 6 |  7- 9 || total
-------------------------+-------+-------+-------++-------
Melee: Unarmed           |     6 |       |       ||     6
       Short sword       |    11 |     8 |    35 ||    54
       Whip              |     1 |    13 |       ||    14
       Punch             |       |       |     2 ||     2
 Cast: Sandblast         |    56 |    54 |    17 ||   127
       Stone Arrow       |       |    12 |    38 ||    50
  Use: Scroll            |     3 |     3 |     2 ||     8
       Potion            |       |     1 |       ||     1
 Stab: Sleeping          |     1 |     2 |       ||     3
Armor: Robe              |    18 |    32 |    45 ||    95
Dodge: Dodged            |    32 |    37 |    42 ||   111
